[Event "Titled Tuesday Blitz October 18 Late 2022"]
[White "Kovacevic, Radmila"]
[Black "Shuvalov, Evgenij"]
[WhiteFideId "933171"]
[BlackFideId "4187237"]
[WhiteElo "2208"]
[BlackElo "2049"]
[Result "0-1"]
[Round "03"]
[TimeControl "180+1"]
[Date "2022.10.19"]
[WhiteClock "0:00:04"]
[BlackClock "0:00:18"]

1. e4 e6 2. d4 d5 3. e5 c5 4. c3 Nc6 5. Be3 Qb6 6. b3 cxd4 7. Bxd4 Nxd4 8. Qxd4 Bc5 9. Qh4 Ne7 10. b4 Nf5 11. Qf4 a5 12. bxc5 Qb2 13. Qa4+ Bd7 14. Qb3 Qxa1 15. Bd3 a4 16. Qxb7 Rc8 17. a3 d4 18. Ne2 dxc3 19. Nxc3 Ne7 20. O-O Bc6 21. Bb5 Bxb5 22. Nxb5 O-O 23. N1c3 Qb2 24. Qxe7 Rfe8 25. Qg5 Rxc5 26. Nd6 Rf8 27. Nde4 Rxc3 28. Nf6+ Kh8 29. Qh4 h6 30. Nd7 Rfc8 31. Qxa4 Rc1 32. g3 Qe2 33. Rxc1 Rxc1+ 34. Kg2 Qf1+ 35. Kf3 Rc3+ 36. Kg4 Rc4+ 37. Qxc4 Qxc4+ 38. f4 Qa4 39. Nc5 Qxa3 40. Ne4 Qe3 41. Nd6 Qe2+ 42. Kh3 h5 43. Nxf7+ Kg8 44. Ng5 Qg4+ 45. Kg2 h4 46. Kf2 hxg3+ 47. hxg3 Kf8 48. Kg2 Ke7 49. Kf2 Qh5 50. Kg2 Qe2+ 51. Kh3 Qf2 52. Ne4 Qg1 53. Nd6 g6 54. Kg4 Qh1 55. f5 gxf5+ 56. Kf4 Qh5 57. Ke3 Qg4 58. Kf2 Qd4+ 59. Kg2 Qxe5 60. Nc8+ Kf6 61. Nb6 Qb2+ 62. Kh3 Qxb6 63. Kh4 Qf2 64. Kh5 Qh2# 0-1


[Site "https://www.chess.com"]

[Event "Titled Tuesday Blitz October 18 Late 2022"]
[White "Kowalysko, Roman"]
[Black "Li, Hui"]
[WhiteFideId "30918510"]
[BlackFideId "15400310"]
[WhiteElo "2118"]
[BlackElo "1954"]
[Result "1-0"]
[Round "03"]
[TimeControl "180+1"]
[Date "2022.10.19"]
[WhiteClock "0:00:08"]
[BlackClock "0:00:00"]

1. e4 e5 2. Nc3 Nf6 3. Nf3 Nc6 4. Bb5 Bb4 5. O-O O-O 6. d3 d6 7. Bg5 Bxc3 8. bxc3 Qe7 9. Re1 Nd8 10. d4 Ne6 11. Bd2 c5 12. Bd3 Nc7 13. Rb1 b6 14. Bg5 Ne6 15. Bd2 Nc7 16. Bg5 h6 17. Bh4 Bd7 18. Qd2 Rfe8 19. Bg3 Nh5 20. dxe5 Nxg3 21. exd6 Qxd6 22. hxg3 c4 23. Bxc4 Qxd2 24. Nxd2 Be6 25. Bxe6 Nxe6 26. f4 Nc5 27. e5 Red8 28. Rbd1 Na4 29. Ne4 Rac8 30. Rxd8+ Rxd8 31. Kf2 Rc8 32. Re3 Rc4 33. Kf3 Nb2 34. Nd6 Ra4 35. e6 fxe6 36. Rxe6 Rxa2 37. Re8+ Kh7 38. Re7 Ra3 39. Ne4 Kg8 40. f5 Na4 41. f6 gxf6 42. Nxf6+ Kf8 43. Rxa7 Rxc3+ 44. Kg4 Nc5 45. Kh5 Rxg3 46. Kxh6 Rxg2 47. Nh7+ Ke8 48. Nf6+ Kd8 49. Ra3 Kc7 50. Re3 Kc6 51. Re6+ Kb5 52. Ne4 Nxe4 53. Rxe4 Rxc2 54. Kg5 Rf2 55. Kg4 Kc5 56. Kg3 Rf6 57. Re8 b5 58. Kg4 b4 59. Kg5 Rf2 60. Rc8+ Kd4 61. Rd8+ Kc3 62. Rc8+ Kb2 63. Kg4 b3 64. Kg3 Rf1 65. Rc7 Kb1 66. Kg2 Rf4 67. Rb7 b2 68. Kg3 Rc4 69. Rg7 Ka2 70. Ra7+ Kb3 71. Rb7+ Rb4 72. Rf7 b1=Q 73. Rf3+ 1-0


[Site "https://www.chess.com"]

[Event "Titled Tuesday Blitz October 18 Late 2022"]
[White "Krishnan, Varun"]
[Black "Alexikov, Alexander"]
[WhiteFideId "5054508"]
[BlackFideId "14103958"]
[WhiteElo "2548"]
[BlackElo "2222"]
[Result "1-0"]
[Round "03"]
[TimeControl "180+1"]
[Date "2022.10.19"]
[WhiteClock "0:02:47"]
[BlackClock "0:02:22"]

1. d4 Nf6 2. c4 g6 3. Nf3 Bg7 4. g3 d6 5. Bg2 O-O 6. O-O c6 7. b3 Bf5 8. Bb2 Nbd7 9. Nbd2 Ne4 10. Nh4 Nxd2 11. Qxd2 Nf6 12. Nxf5 gxf5 13. Qg5 e6 14. d5 Ne4 15. Qxg7# 1-0


[Site "https://www.chess.com"]

[Event "Titled Tuesday Blitz October 18 Late 2022"]
[White "Ladan, Nicholas"]
[Black "Almedina Ortiz, Edgardo J."]
[WhiteFideId "30918855"]
[BlackFideId "3100197"]
[WhiteElo "2167"]
[BlackElo "2217"]
[Result "0-1"]
[Round "03"]
[TimeControl "180+1"]
[Date "2022.10.19"]
[WhiteClock "0:00:37"]
[BlackClock "0:00:21"]

1. e4 e5 2. Nc3 Nf6 3. Nf3 Nc6 4. Bb5 Bb4 5. Nd5 Bd6 6. d3 h6 7. O-O O-O 8. Ne3 Re8 9. Nf5 Bf8 10. N3h4 a6 11. Bc4 b5 12. Bb3 Na5 13. c3 Nxb3 14. Qxb3 d5 15. Ng3 dxe4 16. dxe4 Nxe4 17. Nxe4 Qxh4 18. Re1 Be6 19. Qc2 Rad8 20. a4 Bd5 21. f3 Qxe1# 0-1


[Site "https://www.chess.com"]

[Event "Titled Tuesday Blitz October 18 Late 2022"]
[White "Leenhouts, Koen"]
[Black "Rose, Felix"]
[WhiteFideId "1008439"]
[BlackFideId "5105722"]
[WhiteElo "2409"]
[BlackElo "2039"]
[Result "1-0"]
[Round "03"]
[TimeControl "180+1"]
[Date "2022.10.19"]
[WhiteClock "0:00:21"]
[BlackClock "0:00:01"]

1. e4 c5 2. Nf3 d6 3. d4 cxd4 4. Nxd4 Nf6 5. Nc3 a6 6. h3 e5 7. Nf5 d5 8. Bg5 d4 9. Nd5 Nbd7 10. Bc4 Qa5+ 11. Bd2 Qc5 12. Bb3 Nxd5 13. exd5 Nf6 14. Ng3 Bd6 15. O-O O-O 16. Bg5 Nxd5 17. Ne4 Qc6 18. Qf3 Be6 19. Qg3 Nf4 20. Nf6+ gxf6 21. Bxf4+ Kh8 22. Bh6 Rg8 23. Qh2 e4 24. Bf4 Bxf4 25. Qxf4 e3 26. Qxf6+ Rg7 27. f3 Bxb3 28. Qxc6 bxc6 29. axb3 Rag8 30. g4 Ra8 31. Ra5 Rg6 32. Rd1 1-0


[Site "https://www.chess.com"]

[Event "Titled Tuesday Blitz October 18 Late 2022"]
[White "Li, Ruifeng"]
[Black "Richter, Paul"]
[WhiteFideId "2061074"]
[BlackFideId "2046350"]
[WhiteElo "2441"]
[BlackElo "2579"]
[Result "1-0"]
[Round "03"]
[TimeControl "180+1"]
[Date "2022.10.18"]
[WhiteClock "0:01:08"]
[BlackClock "0:00:06"]

1. b3 Nf6 2. Bb2 g6 3. Bxf6 exf6 4. c4 Bg7 5. Nc3 O-O 6. g3 Re8 7. Bg2 h5 8. h4 Nc6 9. Nf3 Ne5 10. O-O d6 11. d4 Nxf3+ 12. Bxf3 c6 13. e3 Bh3 14. Bg2 Bxg2 15. Kxg2 f5 16. Qf3 Qa5 17. Rac1 Re7 18. Rfd1 Rae8 19. Rc2 a6 20. Rb1 Qc7 21. b4 Ra8 22. a4 Ree8 23. b5 axb5 24. cxb5 Qd7 25. bxc6 bxc6 26. Rcb2 Rec8 27. Rb7 Rc7 28. Rb8+ Rxb8 29. Rxb8+ Kh7 30. Qe2 Rb7 31. Rxb7 Qxb7 32. Qc4 c5+ 33. Nd5 cxd4 34. exd4 Qb2 35. Nc3 Qb7+ 36. Qd5 Qa7 37. a5 Qxd4 38. Qxd4 Bxd4 39. Nd5 Ba7 40. a6 Kh6 41. Nc7 g5 42. Nb5 Bc5 43. a7 Bxa7 44. Nxa7 f4 45. gxf4 gxh4 46. Nc6 Kg6 47. Nd4 1-0


[Site "https://www.chess.com"]

[Event "Titled Tuesday Blitz October 18 Late 2022"]
[White "Licznerski, Lukasz"]
[Black "Winterberg, Lukas"]
[WhiteFideId "1179250"]
[BlackFideId "24622702"]
[WhiteElo "2904"]
[BlackElo "2505"]
[Result "1-0"]
[Round "03"]
[TimeControl "180+1"]
[Date "2022.10.19"]
[WhiteClock "0:00:11"]
[BlackClock "0:00:03"]

1. e4 e6 2. d4 d5 3. Nd2 c5 4. Ngf3 cxd4 5. exd5 Qxd5 6. Bc4 Qd7 7. O-O Nc6 8. Nb3 a6 9. Nbxd4 Nxd4 10. Qxd4 Qxd4 11. Nxd4 Nf6 12. Be2 Bd6 13. Bf3 O-O 14. Rd1 Bc7 15. Be3 e5 16. Nb3 e4 17. Be2 Bg4 18. Kf1 Rfd8 19. Bg5 Bxe2+ 20. Kxe2 Be5 21. c3 h6 22. Bxf6 Bxf6 23. Nc5 Re8 24. Rd5 b5 25. a3 a5 26. Nd7 b4 27. Nxf6+ gxf6 28. axb4 axb4 29. Rxa8 Rxa8 30. cxb4 Ra2 31. Rd2 Ra4 32. Rd4 Ra2 33. Rd2 Ra4 34. Rd4 Ra2 35. Rxe4 Rxb2+ 36. Kf3 Kg7 37. h4 f5 38. Rf4 Kg6 39. Ke3 Rb3+ 40. Kd2 h5 41. Kc2 Ra3 42. Kb2 Rd3 43. Kc2 Ra3 44. b5 Kf6 45. Rb4 1-0


[Site "https://www.chess.com"]

[Event "Titled Tuesday Blitz October 18 Late 2022"]
[White "Luxama, Jacques Muller"]
[Black "Becerra, Juan David"]
[WhiteFideId "11900113"]
[BlackFideId "4404998"]
[WhiteElo "1931"]
[BlackElo "2278"]
[Result "0-1"]
[Round "03"]
[TimeControl "180+1"]
[Date "2022.10.19"]
[WhiteClock "0:01:01"]
[BlackClock "0:01:47"]

1. e4 c5 2. Nf3 d6 3. d4 cxd4 4. Nxd4 Nf6 5. Nc3 a6 6. Bg5 e6 7. Qe2 Be7 8. O-O-O Qc7 9. f4 Nbd7 10. g4 b5 11. Bxf6 gxf6 12. Bg2 Bb7 13. a3 Rc8 14. Kb1 Nb6 15. Rhe1 Nc4 16. Nd5 Qc5 17. Nxe7 Kxe7 18. Nf5+ Kf8 19. g5 fxg5 20. fxg5 exf5 21. exf5 Bxg2 22. Qe7+ Kg8 23. g6 hxg6 24. fxg6 Rf8 25. gxf7+ Rxf7 26. Qg5+ Qxg5 0-1


[Site "https://www.chess.com"]

[Event "Titled Tuesday Blitz October 18 Late 2022"]
[White "Machidon, Cristi"]
[Black "Kirillov, Dmitry"]
[WhiteFideId "13904590"]
[BlackFideId "34180572"]
[WhiteElo "2312"]
[BlackElo "2095"]
[Result "1-0"]
[Round "03"]
[TimeControl "180+1"]
[Date "2022.10.19"]
[WhiteClock "0:01:44"]
[BlackClock "0:00:02"]

1. Nf3 d5 2. g3 g6 3. Bg2 Bg7 4. O-O e5 5. d3 Ne7 6. Nbd2 O-O 7. e4 c6 8. Re1 d4 9. Nc4 Qc7 10. a4 Be6 11. a5 h6 12. b3 Nd7 13. Ba3 Rfe8 14. Bd6 Qd8 15. Nfxe5 Nxe5 16. Bxe5 f6 17. Bf4 g5 18. Bd2 Bf7 19. f4 Ng6 20. Rf1 Qd7 21. Bb4 Bxc4 22. bxc4 b6 23. Qh5 Nh8 24. e5 fxe5 25. fxg5 hxg5 26. Bh3 1-0


[Site "https://www.chess.com"]

[Event "Titled Tuesday Blitz October 18 Late 2022"]
[White "Maksimovic, Bojan"]
[Black "Priasmoro, Novendra"]
[WhiteFideId "14408120"]
[BlackFideId "7105029"]
[WhiteElo "2447"]
[BlackElo "2412"]
[Result "0-1"]
[Round "03"]
[TimeControl "180+1"]
[Date "2022.10.18"]
[WhiteClock "0:00:47"]
[BlackClock "0:01:33"]

1. e4 c5 2. Nf3 Nc6 3. d4 cxd4 4. Nxd4 Nf6 5. Nc3 d6 6. Bg5 e6 7. Qd2 a6 8. O-O-O Bd7 9. f3 h6 10. Be3 b5 11. Nxc6 Bxc6 12. Ne2 Qc7 13. Kb1 Be7 14. g4 Nd7 15. Nd4 Bb7 16. Bxb5 axb5 17. Nxb5 Qc4 18. Nc3 Ne5 19. b3 Qb4 20. Qd4 Qxd4 21. Bxd4 Nxf3 22. Bxg7 Rh7 23. Rhf1 Nxh2 24. Rh1 Nxg4 25. Bd4 Bf6 26. Bxf6 Nxf6 27. Rxd6 Nxe4 28. Nxe4 Bxe4 29. Re1 Bf5 30. a4 Rg7 31. Rd5 Kf8 32. Rd2 h5 33. Rh1 Rg5 34. Rdh2 Bg6 35. Kb2 e5 36. c4 e4 37. Rh3 f5 38. Rf1 Ke7 39. Kc3 Ke6 40. Kb4 Ke5 41. Rd1 Bf7 42. Rd7 Be6 43. Rh7 f4 44. R3xh5 Rxh5 45. Rh6 0-1


[Site "https://www.chess.com"]

[Event "Titled Tuesday Blitz October 18 Late 2022"]
[White "Malka, Samuel"]
[Black "Gunduz, Umut Erdem"]
[WhiteFideId "20643675"]
[BlackFideId "6381383"]
[WhiteElo "2473"]
[BlackElo "2693"]
[Result "0-1"]
[Round "03"]
[TimeControl "180+1"]
[Date "2022.10.19"]
[WhiteClock "0:00:15"]
[BlackClock "0:01:39"]

1. d4 Nf6 2. c4 c5 3. d5 e6 4. Nc3 exd5 5. cxd5 d6 6. Nf3 g6 7. g3 Bg7 8. Bg2 O-O 9. O-O a6 10. a4 Nbd7 11. Bf4 Ne8 12. Qd2 Qe7 13. Bh6 Nc7 14. Bxg7 Kxg7 15. Rfe1 Ne5 16. e4 Nxf3+ 17. Bxf3 f6 18. Be2 Bd7 19. a5 Nb5 20. Bxb5 axb5 21. b4 cxb4 22. Ne2 Qxe4 23. Nf4 Qf3 24. Re7+ Rf7 25. Rxf7+ Kxf7 26. Qxb4 Bf5 27. Qxd6 Be4 28. Kf1 Qh1+ 29. Ke2 Bf3+ 30. Ke3 Re8+ 31. Kd4 Qxa1+ 0-1


[Site "https://www.chess.com"]

[Event "Titled Tuesday Blitz October 18 Late 2022"]
[White "Manukian, Artak"]
[Black "Zou, Chen"]
[WhiteFideId "13301373"]
[BlackFideId "8610959"]
[WhiteElo "2473"]
[BlackElo "2695"]
[Result "0-1"]
[Round "03"]
[TimeControl "180+1"]
[Date "2022.10.19"]
[WhiteClock "0:01:12"]
[BlackClock "0:00:22"]

1. e4 c5 2. Nf3 d6 3. Bb5+ Nd7 4. O-O a6 5. Bd3 Ngf6 6. c4 Ne5 7. Nxe5 dxe5 8. Bc2 g6 9. Nc3 Bg7 10. d3 O-O 11. Be3 Nd7 12. a4 f5 13. f3 f4 14. Bf2 g5 15. a5 h5 16. h3 Rf6 17. Nd5 Rg6 18. Ba4 g4 19. hxg4 hxg4 20. Bxd7 Bxd7 21. Bxc5 Bf6 22. d4 g3 23. Nb6 Rh6 24. dxe5 Kf7 25. Qd5+ e6 26. Qxd7+ Qxd7 27. Nxd7 Rah8 0-1


[Site "https://www.chess.com"]

[Event "Titled Tuesday Blitz October 18 Late 2022"]
[White "Martin Carmona, Gaston Manuel"]
[Black "Bjelobrk, Igor"]
[WhiteFideId "22284567"]
[BlackFideId "4300726"]
[WhiteElo "2235"]
[BlackElo "2335"]
[Result "0-1"]
[Round "03"]
[TimeControl "180+1"]
[Date "2022.10.19"]
[WhiteClock "0:00:03"]
[BlackClock "0:01:00"]

1. d4 d5 2. c4 c6 3. Nc3 Nf6 4. e3 g6 5. Nf3 Bg7 6. Be2 O-O 7. O-O dxc4 8. Bxc4 Bg4 9. h3 Bxf3 10. Qxf3 Nbd7 11. Rd1 e5 12. d5 e4 13. Qe2 cxd5 14. Nxd5 Ne5 15. Nxf6+ Qxf6 16. Bd5 Qf5 17. Bxb7 Rad8 18. Bd2 Rb8 19. Ba6 Rxb2 20. Rdb1 Nf3+ 21. gxf3 exf3 22. Qd1 Qxh3 23. Bf1 Qg4+ 24. Kh1 Be5 25. Qxf3 Qxf3+ 26. Bg2 Qh5+ 27. Kg1 Rxd2 0-1


[Site "https://www.chess.com"]

[Event "Titled Tuesday Blitz October 18 Late 2022"]
[White "Martinez Reyes, Pedro Ramon"]
[Black "Goncalves, Davi Sulzbacher"]
[WhiteFideId "3901807"]
[BlackFideId "2154510"]
[WhiteElo "2354"]
[BlackElo "2182"]
[Result "0-1"]
[Round "03"]
[TimeControl "180+1"]
[Date "2022.10.19"]
[WhiteClock "0:00:13"]
[BlackClock "0:00:12"]

1. Nf3 c5 2. e3 d5 3. b3 f6 4. Nc3 e5 5. e4 d4 6. Nd5 Ne7 7. Bc4 Nbc6 8. O-O Qd6 9. c3 Be6 10. Ba3 Nxd5 11. exd5 Bxd5 12. cxd4 Bxc4 13. dxe5 Qd3 14. Re1 Bd5 15. exf6+ Kd7 16. Ng5 gxf6 17. Qg4+ f5 18. Qh5 Qd4 19. Rab1 Qg4 20. Qxg4 fxg4 21. Bb2 Rg8 22. Nxh7 Be7 23. Bf6 Rg6 24. Bxe7 Nxe7 25. Re5 Rh8 26. Rbe1 Rxh7 27. d4 c4 28. bxc4 Bxc4 29. Rc5 b5 30. a4 Rc6 31. Rce5 bxa4 32. Ra5 a6 33. Rxa4 Bb5 34. Ra3 Nd5 35. f3 gxf3 36. Rxf3 Rf6 37. Rg3 Re7 38. Rc1 Ref7 39. h4 Rf1+ 40. Rxf1 Rxf1+ 41. Kh2 a5 42. Rg5 Bc6 43. h5 a4 44. h6 Nf6 45. Ra5 Ng4+ 46. Kg3 Nxh6 47. d5 Bxd5 48. Rxd5+ Kc6 49. Ra5 Nf5+ 50. Kh3 Rf4 51. g3 Rf3 52. Kg4 Rxg3+ 53. Kxf5 a3 54. Ke4 Kb6 55. Ra8 Kb5 56. Kd4 Kb4 57. Rb8+ Ka4 58. Ra8+ Kb3 59. Rb8+ Kc2 60. Ra8 Kb2 61. Rb8+ Rb3 62. Rh8 a2 63. Rh2+ Ka3 64. Rh1 Rb1 65. Rh3+ Kb4 66. Rh8 a1=Q+ 67. Kd5 Qxh8 0-1


[Site "https://www.chess.com"]

[Event "Titled Tuesday Blitz October 18 Late 2022"]
[White "Matinian, Nikita"]
[Black "Holt, Conrad"]
[WhiteFideId "24129100"]
[BlackFideId "2034387"]
[WhiteElo "2422"]
[BlackElo "2592"]
[Result "0-1"]
[Round "03"]
[TimeControl "180+1"]
[Date "2022.10.18"]
[WhiteClock "0:00:02"]
[BlackClock "0:00:21"]

1. e4 e6 2. d4 d5 3. Nc3 Nf6 4. Bg5 dxe4 5. Nxe4 Be7 6. Bxf6 Bxf6 7. Nf3 Nd7 8. Qd2 Be7 9. O-O-O O-O 10. h4 b6 11. Bd3 Bb7 12. Kb1 c5 13. Qf4 Qb8 14. Qe3 cxd4 15. Nxd4 Ne5 16. Ng5 h6 17. Bh7+ Kh8 18. f4 Ng4 19. Qg3 Nf6 20. Bd3 Nh5 21. Nxf7+ Rxf7 22. Qg6 Qg8 23. Qxh5 Rxf4 24. Qe5 Qf7 25. Nxe6 Rxh4 26. Rxh4 Bxh4 27. Rh1 Re8 28. Rxh4 Rxe6 29. Qg3 Bxg2 30. b3 Bd5 31. Rf4 Qe7 32. Qf2 Rf6 33. a4 Qe5 34. Rxf6 Qxf6 35. Qg3 Qd8 36. Qg6 Bg8 37. Ka2 Qd7 38. Qg3 Qxa4+ 39. Kb1 Qe8 40. Qd6 Bf7 41. Qc7 Bg6 42. Qxa7 Bxd3 43. cxd3 Qb5 44. Qb8+ Kh7 45. Kc2 Qc5+ 46. Kd2 Qf2+ 47. Kc3 Qc5+ 48. Kd2 h5 49. Qf4 Kg6 50. Qe4+ Kh6 51. b4 Qg5+ 52. Kc3 h4 53. Qe2 Qf6+ 54. d4 g5 55. Qe4 Kh5 56. Qh7+ Kg4 57. Kc4 h3 58. d5 Kg3 59. Kb5 h2 60. Qh5 g4 61. Ka6 Qf1+ 62. b5 h1=Q 63. Kxb6 Qxh5 0-1


[Site "https://www.chess.com"]

[Event "Titled Tuesday Blitz October 18 Late 2022"]
[White "Mazurkiewicz, Michal"]
[Black "Marin Ramirez, Gerardo"]
[WhiteFideId "1124943"]
[BlackFideId "3901068"]
[WhiteElo "2063"]
[BlackElo "2041"]
[Result "1-0"]
[Round "03"]
[TimeControl "180+1"]
[Date "2022.10.19"]
[WhiteClock "0:01:28"]
[BlackClock "0:00:01"]

1. e4 c5 2. Nf3 d6 3. g3 e5 4. Bg2 Nc6 5. O-O g6 6. d3 Bg7 7. Nc3 Nge7 8. Nd2 O-O 9. Nc4 Be6 10. Nd5 b5 11. Nce3 Rc8 12. a4 b4 13. Nc4 Bxd5 14. exd5 Na5 15. Ne3 c4 16. dxc4 Nxc4 17. b3 Nxe3 18. Bxe3 Qc7 19. Rc1 f5 20. f4 e4 21. Re1 a5 22. Bf1 Bb2 23. Bc4 Bc3 24. Re2 Kg7 25. Bd4+ Bxd4+ 26. Qxd4+ Kf7 27. Kg2 Qc5 28. Qd2 Ng8 29. c3 Rb8 30. cxb4 Qxb4 31. Qd4 1-0


[Site "https://www.chess.com"]

[Event "Titled Tuesday Blitz October 18 Late 2022"]
[White "Melikyan, Gnel"]
[Black "Gasparyan, David"]
[WhiteFideId "54109990"]
[BlackFideId "13311980"]
[WhiteElo "2138"]
[BlackElo "2363"]
[Result "1-0"]
[Round "03"]
[TimeControl "180+1"]
[Date "2022.10.19"]
[WhiteClock "0:01:06"]
[BlackClock "0:00:02"]

1. Nf3 Nf6 2. g3 g6 3. Bg2 Bg7 4. O-O O-O 5. b3 d6 6. Bb2 e5 7. e3 Nc6 8. d4 Re8 9. dxe5 Ng4 10. Nbd2 Ngxe5 11. Qc1 Bf5 12. Nxe5 dxe5 13. Rd1 Qc8 14. Nc4 Bg4 15. Rd2 Qe6 16. a4 Rad8 17. Rxd8 Rxd8 18. Qe1 e4 19. Bxg7 Kxg7 20. Qc3+ f6 21. Re1 Bf3 22. Bf1 h5 23. Nd2 Rxd2 24. Qxd2 Ne5 25. Qc3 c6 26. Qb4 b6 27. a5 c5 28. Qb5 h4 29. axb6 axb6 30. Ra1 hxg3 31. hxg3 Qf5 32. Ra7+ Kh6 33. Qe8 Kg5 34. Qh8 Qg4 35. Rh7 f5 36. Qd8# 1-0


[Site "https://www.chess.com"]

[Event "Titled Tuesday Blitz October 18 Late 2022"]
[White "Mihajlov, Sebastian"]
[Black "Koutlas, Nikolaos"]
[WhiteFideId "1512110"]
[BlackFideId "25827138"]
[WhiteElo "2464"]
[BlackElo "2167"]
[Result "1/2-1/2"]
[Round "03"]
[TimeControl "180+1"]
[Date "2022.10.19"]
[WhiteClock "0:00:13"]
[BlackClock "0:00:06"]

1. f4 Nh6 2. e4 d5 3. e5 c5 4. Nf3 Nc6 5. c3 Bg4 6. h3 Bxf3 7. Qxf3 e6 8. Be2 Nf5 9. O-O Be7 10. g4 Nh4 11. Qg3 f5 12. Na3 O-O 13. d3 Kh8 14. Be3 d4 15. Bf2 fxg4 16. Bxg4 Nf5 17. Qg2 Bh4 18. Qe4 Bxf2+ 19. Rxf2 Qh4 20. Re1 h5 21. Bxf5 Rxf5 22. Nc4 Raf8 23. Ref1 Qxh3 24. Nd6 dxc3 25. bxc3 Ne7 26. Nxf5 Nxf5 27. Rh2 Qxf1+ 28. Kxf1 Ng3+ 29. Kf2 Nxe4+ 30. dxe4 Rxf4+ 31. Ke3 Rg4 32. Rxh5+ Kg8 33. Kd3 Rg2 34. Kc4 b6 35. a4 Ra2 36. Kb5 Kf7 37. Rh3 Re2 38. Rd3 Ke7 39. Rg3 Kf7 40. Rf3+ Ke8 41. Rg3 Kf7 42. Rg4 Re3 43. c4 Rb3+ 44. Kc6 Rb4 45. Rf4+ Ke7 46. Rg4 Rxc4 47. Rxg7+ Kf8 48. Rxa7 Rxe4 49. Kd6 c4 50. Kxe6 c3 51. Rc7 Rxa4 52. Rxc3 Rh4 53. Rc8+ Kg7 54. Rc7+ Kf8 55. Kf6 Rh6+ 56. Kg5 Re6 57. Kf5 Rh6 58. e6 Rh1 59. Rf7+ Ke8 60. Rb7 Rf1+ 61. Ke5 Re1+ 62. Kd6 Rd1+ 63. Kc6 Re1 64. Kd5 Rd1+ 65. Ke4 Re1+ 66. Kf5 Rf1+ 67. Kg4 Re1 68. Kf5 Rf1+ 1/2-1/2


[Site "https://www.chess.com"]

[Event "Titled Tuesday Blitz October 18 Late 2022"]
[White "Mikhailov, Viacheslav"]
[Black "Yeletsky, Ivan"]
[WhiteFideId "4187369"]
[BlackFideId "24180327"]
[WhiteElo "2381"]
[BlackElo "2391"]
[Result "1-0"]
[Round "03"]
[TimeControl "180+1"]
[Date "2022.10.18"]
[WhiteClock "0:00:22"]
[BlackClock "0:00:02"]

1. Nf3 d5 2. g3 Bg4 3. Bg2 Nd7 4. d4 e6 5. O-O c6 6. c4 Be7 7. Nc3 Ngf6 8. Qb3 Qb6 9. c5 Qa6 10. Re1 O-O 11. h3 Bh5 12. g4 Bg6 13. Nh4 e5 14. Nxg6 fxg6 15. e4 exd4 16. exd5 Nxc5 17. Qd1 dxc3 18. Rxe7 Rad8 19. d6 Qd3 20. Qxd3 Nxd3 21. bxc3 Rxd6 22. Ba3 c5 23. Rxb7 Ra6 24. Bc1 Nxc1 25. Rxc1 h6 26. Re1 Rf7 27. Rb8+ Rf8 28. Rb5 Rxa2 29. Rxc5 a5 30. Rc7 Rf7 31. Rc8+ Rf8 32. Rc5 a4 33. Re7 Rf7 34. Rc8+ Rf8 35. Rcc7 Ne8 36. Bd5+ Kh7 37. Bxa2 Nxc7 38. Rxc7 Rf3 39. Kg2 Rd3 40. Ra7 Rxc3 41. Rxa4 h5 42. Bb1 Rb3 43. Bc2 Rc3 44. Be4 hxg4 45. hxg4 Kh6 46. Ra5 Rc4 47. f3 Rc2+ 48. Kg3 Rc1 49. Kf4 Rc4 50. Rh5+ 1-0


[Site "https://www.chess.com"]

[Event "Titled Tuesday Blitz October 18 Late 2022"]
[White "Mortazavi, Ali"]
[Black "Ankerst, Mihael"]
[WhiteFideId "401323"]
[BlackFideId "14602369"]
[WhiteElo "2339"]
[BlackElo "2295"]
[Result "1-0"]
[Round "03"]
[TimeControl "180+1"]
[Date "2022.10.19"]
[WhiteClock "0:00:29"]
[BlackClock "0:00:11"]

1. e4 c5 2. Nc3 Nc6 3. f4 e6 4. Nf3 d5 5. Bb5 Nf6 6. Qe2 Be7 7. Bxc6+ bxc6 8. O-O O-O 9. b3 Qc7 10. d3 Rd8 11. Na4 c4 12. e5 Nd7 13. dxc4 Ba6 14. Nb2 Nb6 15. Be3 Ba3 16. c3 Bxb2 17. Qxb2 dxc4 18. b4 Nd5 19. Bc5 Nxf4 20. Bd6 Qb6+ 21. Kh1 Rd7 22. Ng5 Nd3 23. Qe2 c5 24. Qe4 g6 25. Qxa8+ Rd8 26. Qf3 Rd7 27. Nxf7 Kg7 28. Nh6 Kxh6 29. Bf8+ Kg5 30. Qf6+ Kh5 31. g4+ Kxg4 32. Rg1+ Kh5 33. Qg5# 1-0


[Site "https://www.chess.com"]

[Event "Titled Tuesday Blitz October 18 Late 2022"]
[White "Nakamura, Hikaru"]
[Black "Gabrielian, Artur"]
[WhiteFideId "2016192"]
[BlackFideId "4131002"]
[WhiteElo "2909"]
[BlackElo "2432"]
[Result "1-0"]
[Round "03"]
[TimeControl "180+1"]
[Date "2022.10.18"]
[WhiteClock "0:00:30"]
[BlackClock "0:00:03"]

1. g4 e5 2. Bg2 h5 3. gxh5 Nf6 4. d4 exd4 5. h6 c5 6. c3 Nc6 7. cxd4 Nxd4 8. Nc3 gxh6 9. Nf3 Rg8 10. Kf1 Nxf3 11. Bxf3 d6 12. Bf4 Bh3+ 13. Ke1 Bg2 14. Bxg2 Rxg2 15. Qd3 Rg4 16. Qf3 Qd7 17. Rd1 O-O-O 18. Bxd6 Bxd6 19. Qxf6 Rg6 20. Qf3 Rdg8 21. Rd3 c4 22. Rd4 Rg4 23. Rxg4 Rxg4 24. h3 Rd4 25. e3 Rd3 26. Qe4 Qe6 27. Qxe6+ fxe6 28. Ke2 Be5 29. Nd1 b5 30. Rg1 Kd7 31. f4 Bf6 32. Rg6 Ke7 33. Rxh6 Kf7 34. Rh7+ Bg7 35. Rh5 a6 36. Rc5 Rd5 37. Rc6 a5 38. a4 bxa4 39. Rxc4 Rb5 40. Rxa4 Bxb2 41. Kf3 Bf6 42. Nf2 Be7 43. Nd3 Bb4 44. Kg4 Kf6 45. e4 Rb8 46. h4 Rg8+ 47. Kh3 Rb8 48. h5 Rh8 49. Kh4 Rg8 50. Nxb4 axb4 51. Rxb4 Rg1 52. Rb5 Rh1+ 53. Kg3 Rg1+ 54. Kf2 Rg4 55. Kf3 Rg1 56. Rb8 Rf1+ 57. Kg3 Rg1+ 58. Kf2 Rh1 59. Rb6 Rh2+ 60. Kg3 Rxh5 61. f5 Rg5+ 62. Kf4 1-0


[Site "https://www.chess.com"]

[Event "Titled Tuesday Blitz October 18 Late 2022"]
[White "Noboa Silva, Kevin"]
[Black "Petrova, Irina"]
[WhiteFideId "3618471"]
[BlackFideId "14124122"]
[WhiteElo "2178"]
[BlackElo "2023"]
[Result "0-1"]
[Round "03"]
[TimeControl "180+1"]
[Date "2022.10.19"]
[WhiteClock "0:00:21"]
[BlackClock "0:00:25"]

1. e4 d6 2. d4 Nf6 3. Nc3 e5 4. Nge2 Nc6 5. h3 g6 6. Be3 Bg7 7. g4 O-O 8. Bg2 h5 9. g5 Nd7 10. d5 Ne7 11. Qd2 a5 12. a4 Nc5 13. h4 Bd7 14. Ng3 c6 15. dxc6 Bxc6 16. O-O Ne6 17. Nge2 Qc7 18. Rad1 Rad8 19. Nd5 Bxd5 20. exd5 Nc5 21. Nc3 Qd7 22. b3 Qg4 23. Bxc5 dxc5 24. d6 Nc6 25. Nd5 Qxh4 26. Qe3 Nd4 27. c3 Nf5 28. Ne7+ Kh8 29. Qxc5 Qxg5 30. Nxf5 gxf5 31. f4 exf4 32. d7 Bf6 33. Rf2 Rg8 34. Kf1 Qg4 35. Qd6 Bg7 36. Rdd2 f3 37. Bxf3 Qh3+ 38. Bg2 Qg4 39. Rd3 Qg6 40. Qxg6 fxg6 41. Bxb7 Bf6 42. c4 h4 43. c5 Be5 44. c6 Bc7 45. Rh3 g5 46. Rxf5 Rgf8 47. Rxf8+ Rxf8+ 48. Kg2 Kg7 49. Re3 Kf6 50. Kh3 Rg8 51. Kg4 Rf8 52. Rf3+ Ke7 53. Rxf8 Kxf8 54. Kxg5 h3 55. Kg4 h2 56. d8=Q+ Bxd8 57. c7 Bxc7 58. Kf5 Ke7 59. Bf3 Kd6 60. Ke4 Kc5 61. Kd3 Kb4 62. Kc2 Bd6 63. Be4 Be5 64. Bd5 Bd6 65. Kd3 Bc7 66. Kd4 Bb8 67. Be4 Ba7+ 68. Kd5 Bb8 69. Kc6 Be5 70. Kb6 Bc3 71. Ka6 Ka3 72. Kb5 Bb4 73. Bd5 Kb2 74. Be4 Kc1 75. Kc4 Kd2 76. Kd4 Ke2 77. Ke5 Kf2 78. Kf4 Kg1 79. Ke3 h1=Q 80. Bxh1 Kxh1 81. Kf2 Kh2 82. Kf3 Kh3 83. Kf4 Kg2 84. Ke3 Kf1 85. Kd3 Ke1 86. Kc2 Ke2 87. Kc1 Kd3 88. Kb2 Kd2 89. Kb1 Kc3 90. Ka2 Kc2 91. Ka1 Kxb3 92. Kb1 Kxa4 93. Kb2 Bc5 94. Ka2 Kb4 95. Kb2 a4 96. Ka2 a3 97. Kb1 Bd4 98. Ka2 Ka4 99. Kb1 Kb3 100. Kc1 a2 101. Kd2 a1=Q 102. Kd3 Qc3+ 103. Ke4 Qe3+ 104. Kd5 Qe5+ 105. Kc6 Qc5+ 106. Kd7 Qb6 107. Ke7 Kc4 108. Kf7 Kd5 109. Kg8 Qc7 110. Kf8 Ke6 111. Kg8 Qg7# 0-1


[Site "https://www.chess.com"]